 Dungeon Crawl Stone Soup version 0.30-a0-728-gc68057be0a (webtiles) character file.

Game seed: 7492971248069676455

149 Newt the Trooper (level 5, 0/42 HPs)
             Began as a Demonspawn Gladiator on Jan 31, 2023.
             Slain by Natasha (5 damage)
             ... on level 3 of the Dungeon.
             The game lasted 00:02:36 (1708 turns).

Newt the Trooper (Demonspawn Gladiator)             Turns: 1708, Time: 00:02:37

Health: 0/42       AC:  6    Str: 16    XL:     5   Next: 9%
Magic:  5/5        EV: 12    Int: 10    God:
Gold:   93         SH:  0    Dex: 14    Spells: 4/4 levels left

rFire   . . .      SeeInvis .    a - +1 rapier
rCold   . . .      Faith    .    (no shield)
rNeg    . . .      Spirit   .    b - +0 leather armour
rPois   .          Reflect  .    c - +1 helmet
rElec   .          Harm     .    (no cloak)
rCorr   .          Rampage  .    (no gloves)
Will    .....                    (no boots)
Stlth   ++                       (no amulet)
HPRegen 0.27/turn                (no ring)
MPRegen 0.09/turn                (no ring)

@: no status effects
A: demonic guardian 1, sharp scales 1
a: no special abilities


You were on level 3 of the Dungeon.
You visited 1 branch of the dungeon, and saw 3 of its levels.

You collected 93 gold pieces.

Inventory:

Hand Weapons
 a - a +1 rapier (weapon)
Missiles
 i - 12 stones (quivered)
Armour
 b - a +0 leather armour (worn)
 c - a +1 helmet (worn)
Scrolls
 g - a scroll of identify {unknown}
Potions
 h - a potion of degeneration {unknown}
 j - a potion of flight {unknown}
 k - a potion of curing {unknown}
 l - a potion of resistance


   Skills:
 - Level 4.0 Fighting
 - Level 2.6 Short Blades
 + Level 3.0 Throwing
 - Level 2.6 Dodging
 - Level 2.0 Stealth


You had 4 spell levels left.
You didn't know any spells.
Your spell library contained the following spells:

 Spells                   Type           Power      Damage    Failure   Level
 Apportation              Tloc           0%         N/A       43%         1
 Necrotise                Necr           0%         1d4       43%         1
 Vampiric Draining        Necr           0%         2d6       80%         3
 Agony                    Necr           0%         N/A       100%        5
 Alistair's Intoxication  Tmut/Pois      0%         N/A       100%        5


Dungeon Overview and Level Annotations

Branches:
Dungeon (3/15)

Altars:
Ashenzari

Annotations:
D:3 Natasha


Innate Abilities, Weirdness & Mutations

A weak demonic guardian rushes to your aid.
You are partially covered in razor-sharp scales. (AC +1, Slay +1)


Message History

The white imp gestures at you. The puff of frost hits you.
* * * LOW HITPOINT WARNING * * *
You hit the endoplasm.
You kill the endoplasm!
The white imp completely misses you.
You hit the white imp but do no damage.
The white imp is almost dead.
The white imp picks up a beetle and eats it.
The white imp hits you.
* * * LOW HITPOINT WARNING * * *
The white imp freezes you.
* * * LOW HITPOINT WARNING * * *
A demonic guardian appears!
Your quasit bites the white imp but does no damage.
Your quasit claws the white imp.
The white imp dies!
The white imp disappears in a puff of smoke!
Throw: throwing net
Press: ? - help, Q - select action, (/) - cycle Shift-Dir - straight line, f/p - Natasha
Aim: Natasha (56% to hit)
You throw a throwing net.
Your demonic guardian avoids your attack.
The throwing net closely misses Natasha.
Okay, then.
Your quasit bites Natasha.
Your quasit claws Natasha but does no damage.
Your quasit completely misses Natasha.
Your quasit bites Natasha but does no damage.
Your quasit claws Natasha but does no damage.
Your quasit barely misses Natasha.
You closely miss Natasha.
Natasha is lightly wounded.
Natasha claws you.
* * * LOW HITPOINT WARNING * * *
It was a potion of magic.
Magic courses through your body.
Your quasit barely misses Natasha.
Your quasit claws Natasha but does no damage. x2
Natasha claws you.
You die...

#.##............##**,,,,*
*,* *,* #.##............#
****,* *,* *,*
#.##...####...### *,***,*
*,* #..#...## ###.####
*,,,,,***,, ##......###
#...<# *****,,,,,,
###......######.# *,,,***
##....#....###.# **,,,,,
#......#*#...#.###
****,,*,,
###.####..#**#..@..#***
*,,,,**,* ...[.# *#.#
###h#....# *,*****,*
.....# *.# #5####.#**.*
*,* .....# **#
#..###.##..* *,* .....#
##........#* *,* .....#
##)......#* *,* #.####
#.........*****,* #.#
#.........,,,**,* #.#
#.........**,**,*


You could see Natasha (ally target) and a friendly quasit (summoned).

Vanquished Creatures
  Jessica (D:3)
  Ijyb (D:3)
  Terence (D:2)
  An adder (D:3)
  2 worms (D:2)
  2 dart slugs
  10 bats
  7 endoplasms
  6 goblins
  3 hobgoblins
  2 kobolds
  A quokka (D:1)
  5 ball pythons
  A frilled lizard (D:1)
  8 rats
51 creatures vanquished.

Vanquished Creatures (collateral kills)
  A bat (D:2)
  A kobold (D:1)
2 creatures vanquished.

Grand Total: 53 creatures vanquished

Notes
Turn   | Place    | Note
-------+----------+-------------------------------------------
     0 | D:1      | Newt the Demonspawn Gladiator began the quest for the Orb.
     0 | D:1      | Reached XP level 1. HP: 16/16 MP: 1/1
    85 | D:1      | Reached skill level 1 in Stealth
   123 | D:1      | Gained mutation: A weak demonic guardian rushes to your
                  | aid. [demonic ancestry]
   123 | D:1      | Reached XP level 2. HP: 22/22 MP: 2/2
   476 | D:1      | Gained mutation: You are partially covered in razor-sharp
                  | scales. (AC +1, Slay +1) [demonic ancestry]
   476 | D:1      | Reached XP level 3. HP: 28/28 MP: 3/3
   538 | D:2      | Noticed Terence
   559 | D:2      | Killed Terence
   560 | D:2      | Reached skill level 3 in Fighting
   713 | D:2      | Reached XP level 4. HP: 14/37 MP: 4/4
  1060 | D:2      | Found a faded altar of an unknown god.
  1171 | D:2      | Found a broken altar of Ashenzari.
  1514 | D:3      | Reached skill level 4 in Fighting
  1524 | D:3      | Noticed Jessica
  1533 | D:3      | Killed Jessica
  1669 | D:3      | Noticed Ijyb
  1673 | D:3      | Noticed Natasha
  1691 | D:3      | Killed Ijyb
  1692 | D:3      | Reached XP level 5. HP: 22/42 MP: 5/5
  1708 | D:3      | Slain by Natasha

Illustrated notes

Levels and vault maps discovered:
D:1:      saegor_arrival_simple_e, layout_rooms, roderic_st_hans_cross,
          minmay_misc_feat_cross
D:2:      layout_basic, basic_ecumenical_altar, basic_altar, uniq_terence
D:3:      layout_rooms, minmay_ogre_servants, uniq_ijyb, uniq_natasha,
          uniq_jessica, uniq_grinder

Skill      XL: |  1  2  3  4 |
---------------+-------------+-----
Stealth        | 1 2 |  2.0
Fighting       | 3 4 |  4.0
Throwing       | 3 |  3.0
Short Blades   | |  2.6
Dodging        | |  2.6

Action                     |  1- 3 |  4- 6 || total
---------------------------+-------+-------++-------
  Melee: Rapier            |    86 |    66 ||   152
         Punch             |     1 |       ||     1
  Throw: Throwing net      |     1 |     2 ||     3
         Javelin           |       |     1 ||     1
    Use: Scroll            |     3 |     3 ||     6
         Potion            |       |     2 ||     2
   Stab: Sleeping          |     5 |       ||     5
 Armour: Leather armour    |    25 |    32 ||    57
  Dodge: Dodged            |    49 |    49 ||    98

Table legend: (Time is in decaauts)
 A = Elapsed time spent in this place.
 B = Non-inter-level travel time spent in this place.
 C = Inter-level travel time spent in this place.
 D = Time resting spent in this place.
 E = Time spent auto-exploring this place.
 F = Levels seen in this place.
 G = Mean time per level.
                   A        B        C        D        E       F      G
               +--------+--------+--------+--------+--------+-----+--------+
         Total |   1719 |   1698 |     21 |    287 |   1018 |   3 |  573.0 |
       Dungeon |   1719 |   1698 |     21 |    287 |   1018 |   3 |  573.0 |
               +--------+--------+--------+--------+--------+-----+--------+

Top non-repeatable levels by time:
     D:2: 905 daAuts
     D:1: 538 daAuts
     D:3: 275 daAuts
